 Dungeon Crawl Stone Soup version 0.29.1-15-g9cfb28693d (webtiles) character file.

Game seed: 1825255438548141604

922 drjones the Trooper (level 8, -1/63 HPs)
             Began as a Human Cinder Acolyte on Apr 8, 2023.
             Was an Elder of Ignis.
             Slain by a gnoll
             ... wielding a +1 halberd of freezing
              (4 damage)
             ... on level 5 of the Dungeon.
             The game lasted 00:20:09 (6027 turns).

drjones the Trooper (Human Cinder Acolyte)          Turns: 6027, Time: 00:20:09

Health: -1/63      AC:  5    Str: 24    XL:     8   Next: 31%
Magic:  13/13      EV: 11    Int: 17    God:    Ignis [****..]
Gold:   236        SH:  0    Dex:  8    Spells: 12/14 levels left

rFire   . . .      SeeInvis .   m - +10 rapier "Rugigiasuim" {vamp, rF- rN+ Str+3}
rCold   . . .      Faith    .   (no shield)
rNeg    + . .      Spirit   .   f - +0 leather armour
rPois   .          Reflect  .   t - +1 helmet
rElec   .          Harm     .   (no cloak)
rCorr   .          Rampage  .   (no gloves)
Will    .....                   (no boots)
Stlth   +.........              (no amulet)
HPRegen 0.20/turn               p - +6 ring of strength
MPRegen 0.13/turn               (no ring)

@: no status effects
A: no striking features
a: Renounce Religion, Fiery Armour, Foxfire Swarm, Rising Flame


You were on level 5 of the Dungeon.
You worshipped Ignis.
Ignis was greatly pleased with you.
You visited 1 branch of the dungeon, and saw 5 of its levels.
You also visited: Sewer.

You collected 236 gold pieces.

Inventory:

Hand Weapons
 a - a +0 falchion of flaming
 m - the +10 rapier "Rugigiasuim" (weapon) {vamp, rF- rN+ Str+3}
   (You found it on level 2 of the Dungeon)

   It occasionally heals its wielder for a portion of the damage dealt when it
   wounds a living foe.
   Str:       It affects your strength (+3).
   rF:        It makes you vulnerable to fire.
   rN:        It protects you from negative energy.
 n - a +2 dagger of venom
Missiles
 d - 3 boomerangs (quivered)
Armour
 b - a +0 robe
 c - a +0 ring mail
 f - a +0 leather armour (worn)
 k - a +0 plate armour
 q - a +0 kite shield
 t - a +1 helmet (worn)
Jewellery
 g - a ring of ice
 p - a +6 ring of strength (left hand)
Wands
 r - a wand of paralysis (13)
Scrolls
 e - a scroll of enchant armour {unknown}
 h - 7 scrolls of identify {unknown}
 l - a scroll of enchant weapon
 s - a scroll of blinking
 u - a scroll of amnesia {unknown}
 v - a scroll of fear {unknown}
Potions
 i - a potion of magic {unknown}
 j - 6 potions of heal wounds {unknown}
 o - a potion of haste
 w - a potion of curing


   Skills:
 + Level 5.4 Fighting
 + Level 3.3(4.3) Short Blades
 - Level 4.0(4.6) Long Blades
 + Level 1.5 Shields
 + Level 3.6 Spellcasting
 + Level 5.1 Fire Magic


You had 12 spell levels left.
You knew the following spells:

 Your Spells              Type           Power      Damage    Failure   Level
a - Scorch                Fire           40%        2d7       3%          2

Your spell library contained the following spells:

 Spells                   Type           Power      Damage    Failure   Level
 Necrotise                Necr           12%        1d4       19%         1
 Inner Flame              Hex/Fire       11%        N/A       21%         3
 Ozocubu's Armour         Ice            3%         N/A       50%         3
 Vampiric Draining        Necr           3%         2d6       50%         3
 Cause Fear               Hex            1%         N/A       88%         4
 Fireball                 Conj/Fire      5%         3d5       88%         5
 Agony                    Necr           3%         N/A       99%         5
 Iskenderun's Battlesphe  Conj           3%         2d6       99%         5
 Metabolic Englaciation   Hex/Ice        1%         N/A       99%         5
 Conjure Ball Lightning   Conj/Air       1%         3x3d6     100%        6
 Simulacrum               Ice/Necr       1%         N/A       100%        6
 Orb of Destruction       Conj           1%         9d5       100%        7
 Discord                  Hex            1%         N/A       100%        8


Dungeon Overview and Level Annotations

Branches:
Dungeon (5/15)              Sewer (visited)
 Temple: D:4-7

Altars:
Kikubaaqudgha
Uskayaw

Annotations:
D:5 1 runed translucent door


Message History

The gnoll shouts!
A gnoll comes into view.
It is wielding a +1 halberd of freezing.
The gnoll shouts!
You hear a shout!
The gnoll hits you from afar with a +0 spear.
The gnoll closely misses you. x2
You puncture the gnoll! Your punch misses the gnoll.
The gnoll is almost dead.
The gnoll hits you from afar with a +1 halberd of freezing!
The gnoll freezes you. The gnoll hits you with a +0 spear.
You barely miss the gnoll.
The gnoll is almost dead.
The gnoll closely misses you.
The gnoll hits you from afar with a +1 halberd of freezing!
The gnoll freezes you!
You are too injured to fight recklessly!
You are too injured to fight recklessly!
You are too injured to fight recklessly!
You puncture the gnoll!
You kill the gnoll!
The gnoll hits you from afar with a +1 halberd of freezing.
The gnoll freezes you.
* * * LOW HITPOINT WARNING * * *
The gnoll hits you with a +1 halberd of freezing.
* * * LOW HITPOINT WARNING * * *
The gnoll freezes you.
* * * LOW HITPOINT WARNING * * *
Things that are here:
a +0 spear; a gnoll corpse You hit the gnoll.
You feel better.
The gnoll is heavily wounded.
The gnoll hits you with a +1 halberd of freezing.
* * * LOW HITPOINT WARNING * * *
The gnoll freezes you.
* * * LOW HITPOINT WARNING * * *
You barely miss the gnoll.
The gnoll is heavily wounded.
The gnoll hits you with a +1 halberd of freezing!
* * * LOW HITPOINT WARNING * * *
The gnoll freezes you.
You die...

#########
#...<...#########
#...........†....
#.......#########
####>#### #.# #.#
### #######.# ...
#.g@....# ###
#.#####...# #
..### ###


You could see a gnoll.

Vanquished Creatures
  Grinder (D:3)
  A black bear (D:5)
  2 scorpions
  3 hounds
  A jelly (D:5)
  An iguana (D:4)
  Natasha (D:2)
  An orc wizard (D:4)
  Robin (D:4)
  7 gnolls
  9 adders
  An ufetubus (D:5)
  6 worms
  5 dart slugs
  7 orcs
  10 ball pythons
  8 endoplasms
  9 giant cockroaches
  11 goblins
  10 hobgoblins
  5 jackals
  6 quokkas
  7 bats
  3 frilled lizards
  13 kobolds
  8 rats
137 creatures vanquished.

Notes
Turn   | Place    | Note
-------+----------+-------------------------------------------
     0 | D:1      | drjones the Human Cinder Acolyte began the quest for the
                  | Orb.
     0 | D:1      | Reached XP level 1. HP: 18/18 MP: 2/2
   335 | D:1      | Reached XP level 2. HP: 19/24 MP: 3/3
  1017 | D:1      | Reached XP level 3. HP: 27/29 MP: 4/4
  1573 | D:2      | Reached XP level 4. HP: 33/37 MP: 5/5
  1930 | D:2      | Reached XP level 5. HP: 42/42 MP: 7/7
  2375 | D:2      | Identified the +10 rapier "Rugigiasuim" {vamp, rF- rN+
                  | Str+3}
  2716 | D:2      | Learned a level 2 spell: Scorch
  2797 | D:2      | Found an ancient bone altar of Kikubaaqudgha.
  2995 | D:2      | Noticed Natasha
  2999 | D:2      | Killed Natasha
  3000 | D:2      | Reached skill level 1 in Short Blades
  3000 | D:2      | Reached XP level 6. HP: 38/48 MP: 7/9
  3705 | D:3      | Found a faded altar of an unknown god.
  4256 | D:4      | Noticed Grinder
  4266 | D:3      | HP: 2/49 [Grinder (6)]
  4276 | D:3      | Killed Grinder
  4277 | D:3      | Reached XP level 7. HP: 23/55 MP: 5/11
  4579 | D:4      | Reached skill level 5 in Fighting
  4682 | D:4      | Found a hide-covered altar of Uskayaw.
  4782 | D:4      | Noticed Robin
  4811 | D:4      | Killed Robin
  5132 | D:5      | Entered Level 5 of the Dungeon
  5148 | D:5      | Found a runed translucent door.
  5165 | D:5      | HP: 2/56 [hound (3)]
  5467 | D:5      | Reached XP level 8. HP: 51/62 MP: 11/13
  5569 | D:5      | Reached skill level 1 in Shields
  5611 | D:5      | Found a glowing drain.
  5615 | Sewer    | Entered a sewer
  5803 | Sewer    | Reached skill level 5 in Fire Magic
  6027 | D:5      | HP: 3/63 [gnoll/+1 halberd of freezing (10)]
  6027 | D:5      | Slain by a gnoll

Illustrated notes

Levels and vault maps discovered:
D:1:      shiori_arrival_maze, layout_basic, serial_park_tiny_pond
D:2:      minmay_thinvault, layout_loops_ring, basic_altar, uniq_natasha
D:3:      layout_basic, ebering_ecumenical_altar_box
D:4:      layout_basic, eat_drink_and_be_merry_uskayaw,
          chequers_serial_rivers_micro_a, uniq_robin, uniq_grinder
D:5:      layout_basic, led_sif_pool, lemuel_coloured_pillars_altar,
          gup_sewer_entry_spiral, ebering_ghost_sewer_f

Skill      XL: |  1  2  3  4  5  6  7  8 |
---------------+-------------------------+-----
Fighting       | 4 5 |  5.4
Long Blades    | 4 |  4.0
Short Blades   | 1 2 3 |  3.3
Spellcasting   | 2 3 |  3.6
Fire Magic     | 4 5 |  5.1
Shields        | 1 |  1.5

Action                   |  1- 3 |  4- 6 |  7- 9 || total
-------------------------+-------+-------+-------++-------
Melee: Falchion          |    67 |    49 |       ||   116
       Rapier            |       |   103 |   129 ||   232
       Punch             |       |     1 |       ||     1
Throw: Boomerang         |     3 |    16 |       ||    19
 Cast: Scorch            |       |     5 |    12 ||    17
Invok: Fiery Armour      |     3 |       |       ||     3
       Foxfire Swarm     |       |     1 |       ||     1
  Use: Potion            |     2 |     4 |     1 ||     7
       Scroll            |       |     6 |       ||     6
Armor: Robe              |    18 |       |       ||    18
       Leather armour    |     5 |    46 |    30 ||    81
Dodge: Dodged            |    46 |    76 |    79 ||   201
